AoeStats
← yquerd

Black Forest

506005437Analyzed
3v3 RM · 19d ago on Sep 12, 2026· 99m 32s· 6 players
Game mode
Random Map
Map size
Normal (6 player)
Population
200
Speed
Normal
Resources
Standard
Victory
Conquest
Starting age
Dark Age
Ending age
Imperial Age
RankedLock teamsTeams togetherTeam positionsShared explorationLock speedFull tech treeHidden civsTurbo modeCheats
Victory
Defeat
🇧🇷 Portuguese · Brazil
549
+20
🇧🇷 Khmer · Brazil
545
+19
🇺🇸 Portuguese · United States
539
+20
🇧🇷 Goths · Brazil
824
-27
🇧🇷 Gurjaras · Brazil
623
-20
🇧🇷 Slavs · Brazil
433
-12
RadCargo6254
0:33 Loom
16:24 Feudal Age
19:05 Gold Mining
19:06 Stone Mining
19:05 Double-Bit Axe
20:33 Fishing Lines
24:16 Castle Age
21:59 Horse Collar
25:08 Town Watch
25:50 Gillnets
27:13 Treadmill Crane
27:30 Murder Holes
27:49 Fortified Wall
27:58 Forging
29:58 Bow Saw
30:26 Stone Shaft Mining
31:22 Scale Barding Armor
31:52 Iron Casting
31:08 Fletching
33:07 Ballistics
36:49 Imperial Age
37:08 Bloodlines
36:59 Husbandry
37:14 Murder Holes
38:27 Heavy Plow
44:31 Conscription
46:28 Wheelbarrow
46:01 Cavalier
47:57 Circumnavigation
50:01 Two-Man Saw
51:16 Blast Furnace
50:12 Bodkin Arrow
50:49 Chain Barding Armor
57:25 Plate Barding Armor
64:33 Arquebus
82:24 Elite Organ Gun
marcoo_chiosi
15:28 Feudal Age
13:43 Loom
15:53 Double-Bit Axe
16:49 Wheelbarrow
15:59 Town Watch
16:16 Horse Collar
26:26 Castle Age
25:35 Man-at-Arms
30:54 Hand Cart
37:28 Bow Saw
45:43 Town Patrol
48:21 Heavy Plow
49:56 Gold Mining
49:56 Stone Mining
51:54 Stone Shaft Mining
51:55 Gold Shaft Mining
63:00 Imperial Age
61:46 Scale Barding Armor
61:42 Scale Mail Armor
61:53 Forging
61:46 Padded Archer Armor
61:38 Fletching
63:42 Chain Barding Armor
63:38 Chain Mail Armor
62:51 Light Cavalry
63:41 Bloodlines
63:31 Husbandry
64:45 Crop Rotation
65:23 Hoardings
64:08 Elite Ballista Elephant
65:05 Masonry
64:50 Murder Holes
65:06 Fortified Wall
65:57 Chemistry
66:08 Plate Barding Armor
65:48 Leather Archer Armor
65:25 Crossbowman
65:26 Elite Skirmisher
66:32 Parthian Tactics
68:21 Ring Archer Armor
67:47 Bodkin Arrow
68:27 Iron Casting
68:42 Long Swordsman
68:42 Pikeman
69:07 Arson
70:47 Architecture
70:08 Heated Shot
70:38 Ballistics
70:23 Bracer
71:23 Blast Furnace
69:48 Two-Handed Swordsman
71:47 Halberdier
74:07 Hussar
78:33 Sappers
79:03 Tusk Swords
yquerd
12:11 Feudal Age
13:09 Double-Bit Axe
13:10 Horse Collar
17:16 Wheelbarrow
18:23 Man-at-Arms
21:52 Castle Age
26:47 Loom
27:18 Hand Cart
26:57 Gold Mining
26:59 Stone Mining
27:13 Heavy Plow
27:32 Bow Saw
28:25 Bloodlines
38:00 Imperial Age
35:37 Husbandry
34:59 Light Cavalry
37:08 Scale Barding Armor
37:15 Forging
38:23 Cavalier
39:48 Elite Organ Gun
40:32 Circumnavigation
42:39 Chain Barding Armor
42:55 Iron Casting
48:43 Arquebus
58:33 Plate Barding Armor
58:59 Blast Furnace
59:10 Chemistry
58:32 Ballistics
58:27 Masonry
58:48 Fortified Wall
Chuck Badaluh
0:28 Loom
11:45 Feudal Age
12:10 Horse Collar
12:23 Double-Bit Axe
13:58 Man-at-Arms
15:54 Town Watch
19:01 Wheelbarrow
21:17 Forging
25:10 Castle Age
23:59 Scale Mail Armor
23:50 Fletching
25:26 Padded Archer Armor
25:36 Gold Mining
25:36 Stone Mining
27:14 Iron Casting
26:04 Long Swordsman
27:47 Pikeman
28:23 Crossbowman
29:49 Heavy Plow
30:03 Bow Saw
31:41 Ballistics
31:52 Chain Mail Armor
36:56 Imperial Age
37:05 Caravan
38:13 Scale Barding Armor
38:06 Bodkin Arrow
38:13 Town Patrol
38:04 Two-Handed Swordsman
38:09 Elite Skirmisher
39:24 Squires
40:30 Chemistry
40:26 Hand Cart
41:00 Crop Rotation
43:25 Halberdier
44:27 Onager
50:03 Cavalier
50:16 Champion
53:59 Blast Furnace
53:01 Bracer
54:50 Two-Man Saw
53:59 Elite Huskarl
54:52 Husbandry
55:35 Perfusion
55:40 Anarchy
56:02 Conscription
57:39 Bloodlines
57:32 Padded Archer Armor
59:23 Chain Barding Armor
61:56 Caravan
62:30 Leather Archer Armor
erikedulueders
3:23 Loom
13:26 Feudal Age
14:05 Double-Bit Axe
14:26 Man-at-Arms
18:47 Horse Collar
24:51 Castle Age
24:58 Castle Age
23:49 Scale Mail Armor
24:00 Forging
23:58 Fletching
24:08 Padded Archer Armor
24:15 Scale Barding Armor
26:17 Bow Saw
26:15 Heavy Plow
26:26 Caravan
28:01 Chain Mail Armor
27:53 Gold Mining
27:54 Stone Mining
29:51 Gold Shaft Mining
29:52 Stone Shaft Mining
31:32 Wheelbarrow
33:06 Iron Casting
31:55 Long Swordsman
33:16 Hand Cart
33:19 Town Watch
36:44 Fortified Wall
36:55 Ballistics
37:50 Chain Barding Armor
37:46 Leather Archer Armor
37:27 Bodkin Arrow
41:09 Imperial Age
38:40 Town Patrol
40:13 Elite Skirmisher
41:16 Two-Handed Swordsman
41:40 Siege Elephant
42:47 Conscription
44:40 Elite Shrivamsha Rider
45:59 Plate Barding Armor
45:55 Plate Mail Armor
45:25 Bracer
45:33 Husbandry
46:19 Crop Rotation
48:31 Heavy Scorpion
48:35 Onager
52:54 Chemistry
51:45 Heated Shot
51:36 Treadmill Crane
51:52 Murder Holes
58:04 Crossbowman
58:50 Thumb Ring
67:32 Elite Chakram Thrower
Lord_Giiga
20:57 Feudal Age
21:34 Double-Bit Axe
22:09 Horse Collar
27:45 Gold Mining
27:46 Stone Mining
34:17 Padded Archer Armor
34:28 Forging
34:24 Scale Barding Armor
34:20 Scale Mail Armor
34:11 Fletching
38:04 Castle Age
42:09 Gold Shaft Mining
42:26 Heavy Plow
41:58 Man-at-Arms
42:41 Squires
42:59 Long Swordsman
43:45 Pikeman
44:33 Bodkin Arrow
44:54 Leather Archer Armor
44:55 Chain Mail Armor
45:15 Iron Casting
45:28 Bow Saw
Connection lost

Rejoining the realm…

Still unreachable

The connection could not be restored.

Session expired

The server has moved on; the page needs a fresh start.